AoeStats
← bsdiwalechacha

Black Forest

504836041Analyzed
4v4 RM · 27d ago on Sep 6, 2026· 44m 20s· 8 players
Game mode
Random Map
Map size
Large (8 player)
Population
200
Speed
Normal
Resources
Standard
Victory
Conquest
Starting age
Dark Age
Ending age
Imperial Age
RankedLock teamsTeams togetherTeam positionsShared explorationLock speedFull tech treeHidden civsTurbo modeCheats
Victory
Defeat
🇬🇧 Persians · United Kingdom
1129
+15
🇬🇧 Shu · United Kingdom
1120
+16
🇬🇧 Mongols · United Kingdom
1115
+16
🇬🇧 Goths · United Kingdom
1094
+17
🇧🇷 Bohemians · Brazil
1139
-17
🇧🇴 Turks · Bolivia
1138
-17
🇮🇳 Franks · India
1094
-15
🇦🇺 Saracens · Australia
1092
-15
bsdiwalechacha
5:11 Loom
11:04 Feudal Age
18:21 Castle Age
17:35 Scale Barding Armor
18:30 Forging
20:21 Gold Mining
20:43 Husbandry
20:36 Double-Bit Axe
21:14 Fishing Lines
22:44 Wheelbarrow
23:16 Bow Saw
23:48 Stone Mining
24:36 Gold Shaft Mining
27:38 Gillnets
29:12 Hand Cart
29:23 Chain Barding Armor
31:05 Iron Casting
35:40 Imperial Age
32:56 Town Watch
35:41 Cavalier
37:02 Plate Barding Armor
37:28 Blast Furnace
36:48 Caravan
37:04 Paladin
40:16 #83
रोहन
1:44 Loom
11:13 Feudal Age
13:17 Town Watch
18:43 Castle Age
19:02 Crossbowman
25:02 Imperial Age
22:40 Fletching
23:35 Bodkin Arrow
23:08 Crossbowman
24:55 Double-Bit Axe
25:03 Gold Mining
26:46 Chemistry
30:18 Ballistics
30:43 Arbalester
31:51 Bodkin Arrow
38:36 Bracer
Vhl.Leader
12:33 Feudal Age
16:27 Castle Age
15:09 Double-Bit Axe
17:57 Wheelbarrow
17:37 Loom
18:56 Chemistry
26:34 Hand Cart
28:30 Horse Collar
36:32 Imperial Age
34:46 Heavy Plow
34:58 Bow Saw
35:35 Padded Archer Armor
36:17 Ballistics
36:54 Leather Archer Armor
39:38 Ring Archer Armor
Zx0mB0Y
10:57 Feudal Age
15:29 Castle Age
13:31 Double-Bit Axe
16:27 Bow Saw
19:21 Loom
25:08 Gold Mining
29:50 Imperial Age
29:06 Padded Archer Armor
28:57 Fletching
30:18 Gold Shaft Mining
32:34 Two-Man Saw
34:21 Leather Archer Armor
34:02 Bodkin Arrow
33:53 Horse Collar
36:08 Bracer
36:39 Ring Archer Armor
38:02 Stone Mining
DizzyLeChuckieEgg
11:11 Feudal Age
11:59 Loom
15:22 Castle Age
13:08 Double-Bit Axe
14:59 Fletching
16:39 Bow Saw
23:20 Fishing Lines
25:20 Horse Collar
25:58 Gillnets
26:14 Bodkin Arrow
26:16 Gold Mining
27:50 Padded Archer Armor
30:48 Imperial Age
28:24 Stone Mining
28:01 Crossbowman
28:44 Padded Archer Armor
29:06 Ballistics
29:49 Leather Archer Armor
29:43 Thumb Ring
30:36 Heavy Plow
31:51 Wheelbarrow
31:32 Bracer
31:15 Arbalester
32:27 Ring Archer Armor
33:04 Chemistry
33:30 Conscription
33:51 Bolt Magazine
36:30 Hand Cart
38:49 Two-Man Saw
39:40 Masonry
40:59 Gold Shaft Mining
40:15 Stone Mining
King_Of_Lincoln
0:26 Loom
11:34 Feudal Age
17:26 Castle Age
15:21 Horse Collar
15:33 Double-Bit Axe
18:27 Heavy Plow
18:40 Bow Saw
20:04 Wheelbarrow
21:44 Hand Cart
23:25 Fishing Lines
24:22 Town Watch
26:22 Gillnets
27:32 Caravan
28:30 Fletching
28:41 Scale Mail Armor
28:51 Forging
30:52 Squires
30:13 Pikeman
33:30 Imperial Age
31:40 Ballistics
31:16 Murder Holes
31:40 Chain Mail Armor
32:00 Iron Casting
31:21 Bodkin Arrow
33:52 Halberdier
33:54 Man-at-Arms
34:59 Long Swordsman
35:53 Anarchy
36:17 Conscription
35:58 Perfusion
35:19 Elite Huskarl
37:16 Blast Furnace
36:16 Bracer
37:20 Chemistry
36:13 Gold Mining
36:42 Town Patrol
37:48 Two-Man Saw
37:38 Crop Rotation
38:25 Two-Handed Swordsman
39:09 Champion
HrH The Sausage Meister General
7:39 Loom
11:55 Feudal Age
16:25 Castle Age
14:40 Double-Bit Axe
15:48 Fishing Lines
22:47 Gillnets
23:23 Bow Saw
24:28 Horse Collar
24:59 Gold Mining
25:37 Heavy Plow
26:57 Bloodlines
27:58 Wheelbarrow
27:35 Fletching
27:45 Padded Archer Armor
28:52 Ballistics
29:31 Bodkin Arrow
29:52 Leather Archer Armor
33:21 Imperial Age
32:52 Husbandry
33:41 Gold Shaft Mining
33:03 Stone Mining
33:42 Nomads
34:20 Stone Shaft Mining
33:29 Elite Mangudai
35:11 Chemistry
34:36 Bracer
35:13 Conscription
36:49 Hoardings
36:34 Thumb Ring
36:55 Parthian Tactics
37:52 Hand Cart
37:23 Town Watch
38:01 Caravan
39:45 Drill
39:33 Siege Engineers
39:40 Masonry
39:21 Capped Ram
40:30 Siege Ram
The Evil Monkey
2:33 Loom
12:15 Feudal Age
16:55 Castle Age
17:52 Wheelbarrow
17:16 Double-Bit Axe
17:13 Horse Collar
19:07 Stone Mining
19:39 Bow Saw
21:34 Caravan
22:04 Heavy Plow
23:47 Stone Shaft Mining
25:11 Hand Cart
27:13 Husbandry
27:24 Bloodlines
27:26 Fletching
28:55 Light Cavalry
33:42 Imperial Age
31:32 Gold Mining
32:27 Forging
32:23 Scale Barding Armor
33:58 Iron Casting
33:24 Cavalier
35:14 Two-Man Saw
34:52 Crop Rotation
34:59 Conscription
36:33 Savar
39:21 Blast Furnace
38:43 Chain Barding Armor
Connection lost

Rejoining the realm…

Still unreachable

The connection could not be restored.

Session expired

The server has moved on; the page needs a fresh start.